 Dungeon Crawl Stone Soup version 0.18-a0-1639-g7533f42 (webtiles) character file.

683 M4edhros the Slinger (level 7, 0/45 HPs)
             Began as an Octopode Hunter on Mar 27, 2016.
             Was an Initiate of Gozag.
             Slain by an ice beast (12 damage)
             ... on level 6 of the Dungeon.
             The game lasted 00:05:22 (4370 turns).

M4edhros the Slinger (Octopode Hunter)              Turns: 4370, Time: 00:05:23

Health: 0/45       AC:  1    Str: 11    XL:     7   Next: 61%
Magic:  7/7        EV: 12    Int: 14    God:    Gozag
Gold:   649        SH:  0    Dex: 14    Spells: 0 memorised, 6 levels left

rFire  . . .     SeeInvis .     a - +2 hunting sling
rCold  . . .     Gourm    .     (no shield)
rNeg   . . .     Faith    .     (helmet restricted)
rPois  .         Spirit   .     v - amulet of regeneration
rElec  .         Dismiss  .     j - ring of sustain attributes
rCorr  .         Reflect  .     (no ring)
SustAt +         Harm     .     (no ring)
MR     .....                    (no ring)
Stlth  +++.......               (no ring)
                                (no ring)
                                (no ring)
                                (no ring)

@: not resistant to hostile enchantments, fairly stealthy
A: almost no armour, amphibious, 8 rings, constrict 8, camouflage 1, gelatinous
body 1
a: Potion Petition, Call Merchant, Bribe Branch, Renounce Religion


You were on level 6 of the Dungeon.
You worshipped Gozag.
Gozag was noncommittal.
You were hungry.

You visited 1 branch of the dungeon, and saw 6 of its levels.

You collected 677 gold pieces.
You paid 28 gold pieces to Gozag.

Inventory:

Hand Weapons
 a - a +2 hunting sling (weapon)
 b - a +0 short sword
 w - a +2 quarterstaff of chaos
Missiles
 c - 14 sling bullets (quivered)
 h - 180 stones
 k - a throwing net
Jewellery
 j - a ring of sustain attributes (left tentacle)
 v - an amulet of regeneration (around mantle)
Wands
 f - a wand of flame (9/48)
 t - a wand of digging (2/24)
Scrolls
 e - a scroll of teleportation
 n - 5 scrolls of noise
 p - 2 scrolls of magic mapping
 r - a scroll of fear
 x - 2 scrolls of remove curse
Potions
 g - 2 potions of brilliance
 l - a potion of degeneration {unknown}
 m - a potion of mutation {unknown}
 o - a potion of berserk rage {unknown}
 s - a potion of invisibility {unknown}
Comestibles
 d - 4 bread rations
 i - a slice of pizza


   Skills:
 - Level 2.0 Fighting
 + Level 9.1 Slings
 - Level 2.0 Dodging
 - Level 1.3 Stealth


You had 6 spell levels left.
You didn't know any spells.

Dungeon Overview and Level Annotations

Branches:
Dungeon (6/15)             Temple (0/1) D:6

Altars:
Cheibriados
Gozag
Nemelex Xobeh
Yredelemnul


Innate Abilities, Weirdness & Mutations

You cannot wear most types of armour.
You are amphibious.
You can wear up to eight rings at the same time.
You can use your tentacles to constrict eight enemies at once.
Your skin changes colour to match your surroundings (Stealth).
Your rubbery body absorbs attacks (AC +1).


Message History

Firing (i - inventory. (,) - cycle):
c - 15 sling bullets (quivered)
Press: ? - help, Shift-Dir - straight line, f/p - ice beast
Aim: an ice beast (almost dead)
You shoot a sling bullet.
The sling bullet barely misses the ice beast.
The ice beast hits you. The ice beast freezes you!
* * * LOW HITPOINT WARNING * * *
Found 6 gold pieces.
Found a stone staircase leading up.
Evoke which item? (* to show all) (? for menu, Esc to quit)
Zapping:
f - a wand of flame {zapped: 3} (will waste charges)
Press: ? - help, Shift-Dir - straight line, f/p - ice beast
Aim: an ice beast (almost dead)
The puff of flame misses the ice beast.
Evoking this partially-identified wand wasted a few charges.
The ice beast hits you.
* * * LOW HITPOINT WARNING * * *
The ice beast freezes you!
You die...
Your body crumbles into a pile of gold.

######
#@##<#
##Y..#
##..# ##.#
#.## # ##.#
### ##
##.###.###
#.
#........#
#.
#........##
#.


You could see an ice beast.

Vanquished Creatures
  Prince Ribbit (D:5)
  3 crimson imps
  Crazy Yiuf (D:3)
  2 orc priests (D:5)
  2 orc wizards
  Terence (D:2)
  A killer bee zombie (D:5)
  A hound skeleton (D:4)
  10 adders
  An ooze (D:2)
  An adder skeleton (D:4)
  A dart slug (D:2)
  2 worms
  5 giant geckos
  8 orcs
  A ball python (D:3)
  8 bats
  2 giant cockroaches (D:1)
  6 hobgoblins
  8 jackals
  10 kobolds
  2 quokkas
  3 giant newts
  9 goblins
  10 rats
99 creatures vanquished.

Notes
Turn   | Place    | Note
--------------------------------------------------------------
     0 | D:1      | M4edhros the Octopode Hunter began the quest for the Orb.
     0 | D:1      | Reached XP level 1. HP: 14/14 MP: 1/1
   188 | D:1      | Reached XP level 2. HP: 13/19 MP: 2/2
   411 | D:1      | Reached XP level 3. HP: 18/24 MP: 3/3
   451 | D:1      | Reached skill level 5 in Slings
  1150 | D:2      | Found an opulent altar of Gozag.
  1163 | D:2      | Became a worshipper of Gozag Ym Sagoz the Greedy
  1193 | D:2      | Noticed Terence
  1300 | D:2      | Found a snail-covered altar of Cheibriados.
  1398 | D:2      | Reached XP level 4. HP: 25/29 MP: 4/4
  1476 | D:2      | Killed Terence
  1870 | D:3      | Reached skill level 6 in Slings
  1916 | D:3      | Reached XP level 5. HP: 34/34 MP: 5/5
  2636 | D:3      | Noticed Crazy Yiuf
  2647 | D:3      | Killed Crazy Yiuf
  2647 | D:3      | Reached skill level 7 in Slings
  2647 | D:3      | Reached XP level 6. HP: 27/39 MP: 6/6
  3257 | D:4      | Found a basalt altar of Yredelemnul.
  3415 | D:5      | Entered Level 5 of the Dungeon
  3529 | D:5      | Noticed Prince Ribbit
  3630 | D:5      | Found a sparkling altar of Nemelex Xobeh.
  3655 | D:5      | Killed Prince Ribbit
  3655 | D:5      | Reached skill level 8 in Slings
  3655 | D:5      | Reached XP level 7. HP: 17/45 MP: 7/7
  4138 | D:5      | Reached skill level 9 in Slings
  4320 | D:6      | Found a staircase to the Ecumenical Temple.
  4370 | D:6      | Slain by an ice beast

Vault maps used:
D:1:      dpeg_arrival_tiny_a, roderic_lattice_a
D:2:      lemuel_round_altar, first_bread, nicolae_gozag_seed_capital,
          uniq_terence
D:3:      uniq_crazy_yiuf_cottage
D:4:      lemuel_coloured_pillars_altar
D:5:      minivault_19, nemelex_xobeh_ov_fountains_minmay, uniq_prince_ribbit1
D:6:      kennysheep_steamy, minmay_temple_entry_junction2, basic_altar,
          columned_hall_lemuel

Skill      XL: |  1  2  3  4  5  6  7 |
---------------+----------------------+-----
Slings         | 5 6 7 8 9 |  9.1
Fighting       | |  2.0
Dodging        | |  2.0
Stealth        | |  1.3

Action                   |  1- 3 |  4- 6 |  7- 9 || total
-------------------------+-------+-------+-------++-------
Melee: Short sword       |    76 |    37 |       ||   113
       Quarterstaff      |       |    31 |    14 ||    45
 Fire: Hunting sling     |     2 |    85 |    28 ||   115
Evoke: Wand              |       |     3 |     1 ||     4
  Use: Scroll            |     3 |     7 |     3 ||    13
       Potion            |     2 |     6 |       ||     8
 Stab: Sleeping          |     8 |     2 |     2 ||    12
  Eat: Meat ration       |       |     2 |       ||     2
